 Dungeon Crawl Stone Soup version 0.29-a0-6-ga859fcf985 (webtiles) character file.

Game seed: 7088181557632059041

104131 Jannitor the Tortoise (level 16, -15/151 HPs)
             Began as a Hill Orc Monk on Jan 27, 2022.
             Was a High Priest of Beogh.
             Blown up by an orb spider (58 damage)
             ... with an orb of destruction
             ... on level 2 of the Spider Nest.
             The game lasted 00:59:39 (32534 turns).

Jannitor the Tortoise (Hill Orc Monk)              Turns: 32534, Time: 00:59:40

Health: -15/151    AC: 35    Str: 28    XL:     16   Next: 37%
Magic:  27/37      EV:  9    Int: 10    God:    Beogh [*****.]
Gold:   778        SH: 11    Dex:  9    Spells: 15/15 levels left

rFire   . . .      SeeInvis +   s - +5 demon whip
rCold   . . .      Faith    .   C - +0 kite shield
rNeg    . . .      Spirit   .   m - +4 plate armour
rPois   +          Reflect  .   V - +3 helmet "Zivaos" {rElec rF- Will+ Slay+5}
rElec   +          Harm     .   W - +1 cloak {rCorr}
rCorr   +          Rampage  +   t - +2 pair of gloves
Will    ++...                   e - +0 pair of boots {rampage}
Stlth   ..........              y - amulet of the acrobat
HPRegen 0.35/turn               Q - ring "Qahonna" {rF+ MP+9 Str+6 Dex-4 SInv}
MPRegen 0.25/turn               G - ring of poison resistance

@: on berserk cooldown, slowed, very slow
A: walk on water, mutation resistance 1
a: Renounce Religion, Smiting, Recall Orcish Followers, Give Item to Named
Follower


You were on level 2 of the Spider Nest.
You worshipped Beogh.
Beogh was extremely pleased with you.
You visited 4 branches of the dungeon, and saw 25 of its levels.
You also visited: Ossuary.

You collected 2236 gold pieces.
You spent 1458 gold pieces at shops.

Inventory:

Hand Weapons
 n - the +10 battleaxe of Midsummer {antimagic, Contam rF++ rN+ Str+4}
   (You bought it in a shop on level 2 of the Orcish Mines)

   It reduces the magical energy of the wielder, and disrupts the spells and
   magical abilities of those it strikes.
   Natural abilities and divine invocations are not affected.
   Str:       It affects your strength (+4).
   rF:        It greatly protects you from fire.
   rN:        It protects you from negative energy.
   Contam:    It causes magical contamination when unequipped.
 r - the +9 demon blade of Yqokhl Bohy {venom, rN+}
   (You bought it in a shop on level 2 of the Orcish Mines)

   It poisons the flesh of those it strikes.
   rN:        It protects you from negative energy.
 s - a +5 demon whip (weapon)
Missiles
 a - 6 javelins
 D - 2 throwing nets (quivered)
Armour
 e - a +0 pair of boots of rampaging (worn)
 m - a +4 plate armour (worn)
 t - a +2 pair of gloves (worn)
 C - a +0 kite shield (worn)
 V - the +3 helmet "Zivaos" (worn) {rElec rF- Will+ Slay+5}
   (You found it on level 5 of the Lair of Beasts)

   Slay:      It affects your accuracy & damage with ranged weapons and melee
   (+5).
   rF:        It makes you vulnerable to fire.
   rElec:     It insulates you from electricity.
   Will:      It increases your willpower.
 W - a +1 cloak of preservation (worn)
Jewellery
 y - an amulet of the acrobat (around neck)
 G - a ring of poison resistance (right hand)
 M - a ring of magical power
 N - a ring of flight
 O - a +4 ring of slaying
 Q - the ring "Qahonna" (left hand) {rF+ MP+9 Str+6 Dex-4 SInv}
   (You found it on level 2 of the Lair of Beasts)

   [ring of strength]

   Str:       It affects your strength (+6).
   Dex:       It affects your dexterity (-4).
   rF:        It protects you from fire.
   MP:        It affects your magic capacity (+9).
   SInv:      It lets you see invisible.
Wands
 o - a wand of paralysis (28)
 A - a wand of polymorph (5)
 K - a wand of digging (7)
 R - a wand of acid (12)
 S - a wand of flame (3)
 T - a wand of mindburst (25)
 U - a wand of iceblast (12)
Scrolls
 b - 15 scrolls of teleportation
 d - a scroll of enchant armour
 f - 7 scrolls of fear
 p - 14 scrolls of identify
 q - 3 scrolls of fog
 w - 5 scrolls of magic mapping
 B - 3 scrolls of summoning
 E - 2 scrolls of holy word
 F - a scroll of silence
 H - 3 scrolls of blinking
 J - a scroll of amnesia
 L - 4 scrolls of vulnerability
Potions
 c - 2 potions of haste
 g - 2 potions of cancellation {unknown}
 h - 5 potions of attraction
 i - 2 potions of curing
 j - 2 potions of flight
 l - 6 potions of mutation
 u - 2 potions of berserk rage
 x - 2 potions of heal wounds
 z - a potion of brilliance
 I - 3 potions of might
 X - a potion of resistance
 Z - a potion of magic {unknown}
Miscellaneous
 P - a lightning rod (4/4)
 Y - a phantom mirror


   Skills:
 + Level 15.9 Fighting
 - Level 12.0 Maces & Flails
 * Level 17.3 Armour
 + Level 6.2 Dodging
 - Level 1.5 Stealth
 + Level 11.6 Shields
 + Level 16.4 Invocations


You had 15 spell levels left.
You didn't know any spells.
Your spell library contained the following spells:

 Spells                   Type           Power      Damage    Failure   Level
 Beastly Appendage        Tmut           0%         N/A       99%         1
 Freeze                   Ice            0%         1d3       99%         1
 Sandblast                Erth           0%         2d4       99%         1
 Shock                    Conj/Air       0%         1d3       99%         1
 Sting                    Tmut/Pois      0%         1d3       99%         1
 Blink                    Tloc           0%         N/A       99%         2
 Passwall                 Tmut/Erth      0%         N/A       99%         2
 Scorch                   Fire           0%         2d5       99%         2
 Wereblood                Tmut           0%         N/A       99%         2
 Conjure Flame            Conj/Fire      0%         6-21      100%        3
 Frozen Ramparts          Ice            0%         1d2       100%        3
 Gell's Gravitas          Tloc           0%         N/A       100%        3
 Ignite Poison            Fire/Tmut/Pois 0%         N/A       100%        3
 Lesser Beckoning         Tloc           0%         N/A       100%        3
 Spider Form              Tmut/Pois      0%         N/A       100%        3
 Stone Arrow              Conj/Erth      0%         3d7       100%        3
 Swiftness                Air            0%         N/A       100%        3
 Teleport Other           Tloc           0%         N/A       100%        3
 Airstrike                Air            0%         N/A       100%        4
 Flame Wave               Conj/Fire      0%         2d4       100%        4
 Hailstorm                Conj/Ice       0%         3d3       100%        4
 Ice Form                 Ice/Tmut       0%         N/A       100%        4
 Sticky Flame             Conj/Fire      0%         2d3       100%        4
 Blade Hands              Tmut           0%         N/A       100%        5
 Iskenderun's Battlesphe  Conj           0%         2d6       100%        5
 Manifold Assault         Tloc           0%         N/A       100%        5
 Iron Shot                Conj/Erth      0%         9d1       100%        6
 Simulacrum               Ice/Necr       0%         N/A       100%        6
 Statue Form              Tmut/Erth      0%         N/A       100%        6
 Summon Cactus Giant      Summ           0%         N/A       100%        6
 Spellforged Servitor     Conj/Summ      0%         N/A       100%        7
 Storm Form               Tmut/Air       0%         N/A       100%        7


Dungeon Overview and Level Annotations

Branches:
Dungeon (15/15)            Temple (0/1) D:5            Lair (6/6) D:9
 Shoals (0/4) Lair:3       Spider (2/4) Lair:3        Slime (0/5) Lair:6
    Orc (2/2) D:9             Elf (0/3) Orc:2        Vaults (0/5) D:13
 Depths (0/4) D:15        Ossuary (visited)

Altars:
Ashenzari
Cheibriados
Fedhas
Hepliaklqana
Kikubaaqudgha
Makhleb
Trog
Xom
Beogh
Jiyva

Shops:
D:2 !   D:6 *   D:11 [   D:14 (   Orc:1 [   Orc:2 *(*(*

Annotations:
D:13 3 runed translucent doors, Simpacva's ghost, journeyman SpEn; Ysir Febb's ghost, journeyman MiBe


Innate Abilities, Weirdness & Mutations

You can walk on water.
You are somewhat resistant to further mutation.


Message History

* * * LOW HITPOINT WARNING * * *
The spark wasp blinks!
A redback comes into view.
The redback moves out of view.
Aiming: Smiting
Press: ? - help, Dir - move target, f/p - spark wasp Smite: a spark wasp (almost dead, ally target)
You smite the spark wasp!!!
You kill the spark wasp!
Beogh accepts your kill.
The orb spider's soul is no longer bound.
The orb spider weaves a glowing orb of energy.
An orb of destruction comes into view.
Aiming: Smiting
Press: ? - help, Dir - move target, f - orb spider Smite: an orb spider
Okay, then.
Unknown command.
You feel much better.
Wulfoc seems less drained.
The orb spider begins to weave its threads into a brightly glowing ball.
A redback comes into view.
Aiming: Smiting
Press: ? - help, Dir - move target, f - orb spider Smite: an orb spider (fully charged)
You smite the orb spider!!
The orb spider is severely wounded.
The orb of destruction hits you!!
* * * LOW HITPOINT WARNING * * *
The orb spider weaves a glowing orb of energy.
Wulfoc throws a boomerang.
The boomerang hits the orb spider!
The orb spider dies!
Beogh accepts your kill.
An orb of destruction comes into view.
Unknown command.
Unknown command.
You hit the redback.
The redback is lightly wounded.
The orb of destruction hits you!!!
You die...

...##.... .......#.
####........ #.††........ ...
#†.......... ......####
###.○...>..... ......#..#
##..°.......#..
......#..######..○.........#
......##...##..s@o...........
.........s....#............##
.....................#....$.#
..........#.....##.#.#......#
........<####.#.#######.....#
......<^## ##### ......
####.....# ...... ##...##
...# #####


You could see 2 redbacks and the friendly Wulfoc the orc warlord.

Vanquished Creatures
  Rupert (D:13)
  Gastronok (Orc:1)
  Nessos (D:13)
  An entropy weaver (Spider:1)
  A spark wasp (Spider:2)
  The ghost of Taliesin42 the Basher, a journeyman TrEE of Wu Jian (Orc:2)
  The ghost of mfcas the Thaumaturge, a journeyman DjCj of Makhleb (Lair:2)
  3 hydras
  A boulder beetle (D:13)
  4 ogre magi
  A catoblepas (Lair:6)
  2 centaur warriors
  12 two-headed ogres
  8 death yaks
  4 tengu warriors
  A deep troll shaman (Lair:6)
  Urug (D:13)
  A fire crab (Lair:5)
  A glowing orange brain (D:15)
  2 orb spiders
  2 wizards (D:15)
  A lindwurm (Lair:6)
  An orc sorcerer (Orc:2)
  4 deep elf pyromancers
  4 wolf spiders
  A necromancer (D:15)
  20 ugly things
  2 cyclopes
  2 manticores
  8 elephants (Lair:6)
  4 moths of wrath
  6 black mambas
  Maurice (Orc:1)
  Joseph (D:10)
  A naga mage (D:15)
  A gargoyle (D:12)
  7 cane toads
  A freezing wraith (D:14)
  5 rime drakes
  Psyche (D:12)
  2 demonic crawlers
  A kobold demonologist (D:14)
  4 komodo dragons
  A tengu conjurer (D:15)
  A harpy zombie (D:15)
  A queen bee (D:13)
  2 trolls
  6 meliai
  2 polar bears (D:10)
  14 blink frogs
  10 slime creatures (D:15)
  A tarantella (Spider:2)
  6 dream sheep (Lair:6)
  2 jumping spiders (Spider:1)
  A wraith (D:13)
  2 culicivoras
  4 wyverns
  20 yaks
  A vampire (D:14)
  7 basilisks
  16 humans
  10 vampire mosquitoes
  7 redbacks
  3 wargs
  2 swamp worms (D:10)
  2 acid dragons
  5 water moccasins
  Duvessa (D:5)
  2 black bears (Lair:6)
  A hornet zombie (D:7)
  26 ogres
  9 orc warriors
  12 wolves
  8 centaurs
  A phantom (D:6)
  10 bullfrogs
  2 kobold brigands
  7 scorpions
  Dowan (D:5)
  6 wights
  19 killer bees (D:13)
  An electric eel (Spider:1)
  A human zombie (Ossuary)
  3 howler monkeys
  A bullfrog zombie (D:6)
  5 centaur zombies
  4 orc priests
  3 jellies
  A centaur skeleton (D:6)
  8 hounds
  A bullfrog skeleton (D:5)
  2 gnoll shamans
  2 iguanas
  3 scorpion zombies (Ossuary)
  8 orc wizards
  5 hell rats (Lair:4)
  A killer bee zombie (D:5)
  A hound zombie (D:5)
  3 mummies (Ossuary)
  12 gnolls
  A howler monkey skeleton (D:5)
  10 adders
  A shadow imp (D:8)
  A white imp (D:8)
  2 worms
  2 dart slugs
  25 orcs
  7 bats
  10 endoplasms
  2 giant cockroaches
  12 goblins
  6 hobgoblins
  4 quokkas
  12 ball pythons
  3 frilled lizards
  4 goblin zombies (Ossuary)
  5 hobgoblin zombies (Ossuary)
  19 kobolds
  2 kobold zombies (Ossuary)
  An orc zombie (Ossuary)
  8 rats
  A bush (D:5)
562 creatures vanquished.

Vanquished Creatures (collateral kills)
  Roxanne (D:14)
  The ghost of drclinical the Warrior, a journeyman HOFi of Beogh (Orc:2)
  A boulder beetle (D:11)
  A hydra (Lair:4)
  6 two-headed ogres
  A catoblepas (Lair:2)
  2 centaur warriors
  An ogre mage (Orc:2)
  4 death yaks
  2 pharaoh ants
  An orb spider (Spider:2)
  4 ugly things (D:15)
  A wolf spider (Spider:2)
  A cyclops (D:12)
  7 slime creatures
  5 elephants (Lair:6)
  5 black mambas
  3 centaur zombies
  Maggie (D:10)
  5 cane toads
  A komodo dragon (Lair:6)
  A centaur skeleton (D:15)
  A rime drake (Lair:4)
  A wind drake (Lair:3)
  A troll (D:14)
  A hornet (Lair:4)
  2 tarantellas (Spider:1)
  4 blink frogs
  2 culicivoras (Spider:1)
  4 jumping spiders (Spider:1)
  8 yaks
  3 wyverns (Lair:4)
  4 basilisks
  5 humans
  12 vampire mosquitoes
  7 redbacks (Spider:1)
  6 water moccasins
  3 orc warriors
  A black bear (Lair:6)
  6 ogres
  A centaur (D:14)
  11 wolves
  4 necrophages (D:5)
  A kobold brigand (D:10)
  5 bullfrogs
  2 gnoll sergeants (D:10)
  A scorpion (Lair:3)
  A water moccasin zombie (D:5)
  3 killer bees (D:13)
  A wight (D:10)
  5 howler monkeys
  3 orc priests
  5 orc wizards
  A hell rat (Lair:4)
  A hound skeleton (D:5)
  4 gnolls
  An adder (D:6)
  11 orcs
  2 kobolds
189 creatures vanquished.

Vanquished Creatures (others)
  An orc high priest (D:13)
  2 orc sorcerers
  3 orc knights
  8 orc warriors
  5 orc wizards
  7 orc priests
  32 orcs
  16 fungi
  22 plants
  A withered plant (Spider:2)
97 creatures vanquished.

Grand Total: 848 creatures vanquished

Notes
Turn   | Place    | Note
-------+----------+-------------------------------------------
     0 | D:1      | Jannitor the Hill Orc Monk began the quest for the Orb.
     0 | D:1      | Reached XP level 1. HP: 19/19 MP: 1/1
    33 | D:1      | Reached XP level 2. HP: 23/27 MP: 2/2
   485 | D:1      | Reached XP level 3. HP: 33/33 MP: 3/3
  1328 | D:2      | Reached XP level 4. HP: 25/41 MP: 4/4
  1465 | D:2      | Found Pemaim's Distillery.
  1477 | D:2      | Bought a potion of heal wounds for 60 gold pieces
  1644 | D:2      | Reached skill level 5 in Maces & Flails
  1938 | D:3      | Reached XP level 5. HP: 37/47 MP: 5/5
  2193 | D:3      | Found a roughly hewn altar of Beogh.
  2194 | D:3      | Became a worshipper of Beogh the Brigand
  2194 | D:3      | Reached * piety under Beogh
  2194 | D:3      | Reached ** piety under Beogh
  2248 | D:3      | Reached skill level 5 in Fighting
  2629 | D:3      | Reached skill level 1 in Invocations
  2677 | D:3      | Reached XP level 6. HP: 54/56 MP: 6/6
  2735 | D:3      | Found a faded altar of an unknown god.
  3000 | D:5      | Entered Level 5 of the Dungeon
  3000 | D:5      | Noticed Dowan
  3587 | D:4      | Reached XP level 7. HP: 55/62 MP: 7/9
  4523 | D:4      | Reached *** piety under Beogh
  5147 | D:5      | Found a staircase to the Ecumenical Temple.
  5275 | D:5      | Found a shimmering altar of Xom.
  5385 | D:5      | Reached XP level 8. HP: 61/71 MP: 11/11
  5385 | D:5      | Noticed Duvessa
  6147 | D:6      | Reached skill level 5 in Invocations
  6526 | D:6      | Found Qeus's Sacrilege Store.
  6534 | D:6      | Bought a +0 demon whip for 165 gold pieces
  7441 | D:7      | Reached XP level 9. HP: 24/81 MP: 13/13
  7453 | D:7      | Reached skill level 10 in Maces & Flails
  7636 | D:7      | Found a sand-covered staircase.
  7641 | Ossuary  | Entered an ossuary
  7843 | Ossuary  | Reached **** piety under Beogh
  9196 | D:8      | Reached skill level 1 in Armour
  9241 | D:8      | Found a large runed translucent door.
  9251 | D:8      | Found a large runed translucent door.
  9267 | D:8      | Gained Wargath as an ally
  9310 | D:8      | Reached skill level 2 in Armour
  9399 | D:8      | Reached XP level 10. HP: 63/91 MP: 14/16
  9947 | D:8      | Found a burning altar of Makhleb.
  9955 | D:8      | Found a broken altar of Ashenzari.
 10057 | D:9      | Reached skill level 3 in Armour
 10347 | D:9      | Reached skill level 4 in Armour
 10516 | D:9      | Found a staircase to the Lair.
 10921 | D:9      | Reached ***** piety under Beogh
 10997 | D:9      | Found a staircase to the Orcish Mines.
 11047 | D:9      | Found a roughly hewn altar of Beogh.
 11051 | D:9      | Reached skill level 5 in Armour
 11153 | D:10     | Entered Level 10 of the Dungeon
 11153 | D:10     | Noticed Joseph
 11165 | D:10     | Killed Joseph
 11177 | D:10     | Reached skill level 10 in Fighting
 11177 | D:10     | Reached skill level 6 in Armour
 11292 | D:10     | Found a bloodstained altar of Trog.
 11313 | D:10     | Noticed a demonic crawler
 11354 | D:10     | Killed a demonic crawler
 11418 | D:10     | Reached XP level 11. HP: 52/100 MP: 18/18
 11422 | D:10     | Noticed a two-headed ogre
 11430 | D:10     | Killed a two-headed ogre
 11431 | D:10     | Reached skill level 1 in Shields
 11433 | D:10     | Gained Wulfoc as an ally
 11434 | D:10     | Reached skill level 7 in Armour
 11682 | D:10     | Noticed a two-headed ogre
 11691 | D:10     | Killed a two-headed ogre
 11809 | D:10     | Noticed Maggie
 11818 | D:10     | Killed Maggie
 11819 | D:10     | Reached skill level 10 in Invocations
 12071 | D:10     | Found a faded altar of an unknown god.
 12075 | D:10     | Found a hazy altar of Hepliaklqana.
 12198 | D:11     | Noticed a boulder beetle
 12230 | D:11     | Killed a boulder beetle
 12290 | D:11     | Reached skill level 8 in Armour
 12435 | D:11     | Found Cheibriados's Comfort Zone.
 12435 | D:11     | Found a snail-covered altar of Cheibriados.
 12854 | D:11     | Noticed a two-headed ogre
 12861 | D:11     | Killed a two-headed ogre
 13046 | D:12     | Noticed a deep elf pyromancer
 13054 | D:12     | Killed a deep elf pyromancer
 13340 | D:12     | Noticed a cyclops
 13356 | D:12     | Reached skill level 9 in Armour
 13372 | D:12     | Killed a cyclops
 13493 | D:12     | Gained mutation: You are somewhat resistant to further
                  | mutation. [potion of mutation]
 13502 | D:12     | Noticed a cyclops
 13511 | D:12     | Killed a cyclops
 13538 | D:12     | Noticed Psyche
 13543 | D:12     | Killed Psyche
 13610 | D:12     | Noticed a two-headed ogre
 13616 | D:12     | Killed a two-headed ogre
 13617 | D:12     | Reached XP level 12. HP: 110/110 MP: 20/20
 14076 | Lair:1   | Entered Level 1 of the Lair of Beasts
 14297 | Lair:1   | Reached skill level 5 in Shields
 14306 | Lair:1   | Reached skill level 10 in Armour
 15055 | Lair:2   | Noticed a catoblepas
 15061 | Lair:2   | Noticed mfcas's ghost (journeyman DjCj)
 15071 | Lair:2   | Found a transporter.
 15220 | Lair:2   | Found a transporter.
 15249 | Lair:2   | Identified the +7 flail "Zuacs" {flame, Fly}
 16144 | Lair:3   | Reached skill level 11 in Armour
 16457 | Lair:3   | Noticed a seven-headed hydra
 16463 | Lair:3   | Killed a seven-headed hydra
 16663 | Lair:3   | Found a staircase to the Shoals.
 16864 | Lair:3   | Found a hole to the Spider Nest.
 17633 | Lair:4   | Reached XP level 13. HP: 119/119 MP: 22/22
 17772 | Lair:4   | Reached skill level 12 in Armour
 19562 | Lair:5   | Identified the +3 helmet "Zivaos" {rElec rF- Will+ Slay+5}
 20435 | Lair:5   | Reached skill level 13 in Armour
 21222 | Lair:6   | Entered Level 6 of the Lair of Beasts
 21355 | Lair:6   | Reached XP level 14. HP: 66/130 MP: 24/24
 22024 | Lair:6   | Reached skill level 14 in Armour
 22030 | Lair:6   | Gained Morbeogh as an ally
 22033 | Lair:6   | Reached ****** piety under Beogh
 22401 | Lair:6   | Found a viscous altar of Jiyva.
 22401 | Lair:6   | Found a staircase to the Slime Pits.
 23006 | Lair:6   | Identified the +4 shortbow "Wopesuck" {venom, rC+}
 23305 | Lair:6   | Identified the +6 short sword of the Elven Halls {drain,
                  | rCorr Dex+4}
 23541 | D:13     | Noticed Urug
 23541 | D:13     | Noticed Nessos
 23541 | D:13     | Noticed Rupert
 23541 | D:13     | Found a gate to the Vaults.
 23578 | D:13     | Found a shimmering altar of Xom.
 23578 | D:13     | Found a shimmering altar of Xom.
 23616 | D:13     | Killed Urug
 23620 | D:13     | Gained Alork as an ally
 23625 | D:13     | Killed Nessos
 23667 | D:13     | Killed Rupert
 23692 | D:13     | Reached skill level 15 in Armour
 23858 | D:13     | Found a runed translucent gate.
 23858 | D:13     | Found a runed translucent gate.
 23858 | D:13     | Found a runed translucent gate.
 23994 | D:13     | Your ally Alork died
 24442 | D:13     | Reached skill level 10 in Shields
 24571 | D:13     | Found an ancient bone altar of Kikubaaqudgha.
 24571 | D:13     | Noticed a lich
 24571 | D:13     | Noticed a lich
 24571 | D:13     | Noticed Ysir Febb's ghost (journeyman MiBe)
 24571 | D:13     | Noticed a lich
 24581 | D:13     | Noticed Simpacva's ghost (journeyman SpEn)
 25009 | D:14     | Reached XP level 15. HP: 87/139 MP: 26/26
 25014 | D:14     | Reached skill level 15 in Invocations
 25274 | D:14     | Found a shimmering altar of Xom.
 25343 | D:14     | Found Moagh's Weapon Shop.
 25463 | D:14     | Identified Roxanne's Collected Works on Moulding
 25463 | D:14     | Noticed Roxanne
 25503 | D:14     | Killed Roxanne
 25930 | D:14     | Found a roughly hewn altar of Beogh.
 25976 | D:15     | Entered Level 15 of the Dungeon
 26247 | D:15     | Reached skill level 15 in Fighting
 26253 | D:15     | Gained Marbork as an ally
 26261 | D:15     | Your ally Marbork died
 26302 | D:15     | Reached skill level 16 in Armour
 26303 | D:15     | Gained Nordag as an ally
 26304 | D:15     | Your ally Nordag died
 26647 | D:15     | Reached skill level 5 in Dodging
 26973 | D:15     | Found a staircase to the Depths.
 27628 | Orc:1    | Entered Level 1 of the Orcish Mines
 27628 | Orc:1    | Noticed Gastronok
 27636 | Orc:1    | Killed Gastronok
 27642 | Orc:1    | Gained Berold as an ally
 27685 | Orc:2    | Entered Level 2 of the Orcish Mines
 27781 | Orc:2    | Found a staircase to the Elven Halls.
 27905 | Orc:2    | Gained Alork as an ally
 27914 | Orc:2    | Gained Bogwik as an ally
 27917 | Orc:2    | Your ally Alork died
 27921 | Orc:2    | Your ally Bogwik died
 27950 | Orc:1    | Gained Ortolf as an ally
 28286 | Orc:1    | Found Banwiuz's Antique Armour Boutique.
 28295 | Orc:1    | Bought a pair of embroidered boots for 202 gold pieces
 28491 | Orc:2    | Reached XP level 16. HP: 132/149 MP: 26/28
 28583 | Orc:2    | Found Biapt's General Store.
 28583 | Orc:2    | Found Ebbuunan's Assorted Antiques.
 28583 | Orc:2    | Found Roddich's Antique Weapon Shoppe.
 28583 | Orc:2    | Found Cuistri's Antique Weapon Boutique.
 28598 | Orc:2    | Bought a potion of might for 108 gold pieces
 28598 | Orc:2    | Bought a scroll of teleportation for 81 gold pieces
 28602 | Orc:2    | Bought a shimmering battleaxe for 322 gold pieces
 28602 | Orc:2    | Identified the +10 battleaxe of Midsummer {antimagic,
                  | Contam rF++ rN+ Str+4} (You bought it in a shop on level 2
                  | of the Orcish Mines)
 28605 | Orc:2    | Bought a scorched demon blade for 520 gold pieces
 28605 | Orc:2    | Identified the +9 demon blade of Yqokhl Bohy {venom, rN+}
                  | (You bought it in a shop on level 2 of the Orcish Mines)
 28652 | Orc:2    | Found Upiatsoa's General Store.
 28667 | Orc:2    | Found a runed translucent gate.
 28668 | Orc:2    | Found a runed translucent gate.
 28668 | Orc:2    | Found a runed translucent gate.
 28673 | Orc:2    | Noticed drclinical's ghost (journeyman HOFi)
 28673 | Orc:2    | Noticed Taliesin42's ghost (journeyman TrEE)
 29021 | D:5      | Killed Duvessa
 29025 | D:5      | Killed Dowan
 29135 | D:5      | Found a blossoming altar of Fedhas.
 29611 | Spider:1 | Entered Level 1 of the Spider Nest
 30261 | Orc:1    | Noticed Maurice
 30273 | Orc:1    | Killed Maurice
 30442 | Orc:2    | Killed drclinical's ghost
 30446 | Orc:2    | Killed Taliesin42's ghost
 31167 | Lair:2   | Reached skill level 17 in Armour
 31167 | Lair:2   | Identified the ring "Qahonna" {rF+ MP+9 Str+6 Dex-4 SInv}
 31190 | Lair:2   | Killed mfcas's ghost
 32534 | Spider:2 | Blown up by an orb spider

Illustrated notes

Levels and vault maps discovered:
D:1:      dpeg_arrival_rooms_b, layout_rooms
D:2:      layout_rooms, serial_shops, nicolae_diamond_shop, grunt_ministairs_5,
          minmay_curled_crystal
D:3:      layout_rooms, ebering_ecumenical_altar_sacrificial,
          grunt_ministairs_1, kennysheep_orc_chapel
D:4:      layout_basic, serial_co_window_serial, co_window_paths_b,
          co_window_corner_a, co_window_corner_a, co_window_of_opportunity_a,
          co_window_paths_a, co_window_corner_a, co_window_paths_b,
          co_window_2corner, co_window_broadway_a, co_window_of_opportunity_b,
          co_window_4corner_b, co_window_4corner_a, glass_columns_a,
          glass_columns_b, glass_columns_a
D:5:      layout_rooms, mainiacjoe_overflow_small_starburst,
          fedhas_altar_decomposition, minmay_temple_entry_sparse_star,
          serial_glass, glass_columns_b, glass_columns_c,
          minmay_strange_pillars, uniq_duvessa
D:6:      layout_layer_cave, nicolae_evil_shop
D:7:      layout_loops_corners, enter_ossuary_2, minmay_ruffians
D:8:      layout_gridville, jmf_multi_god_temple2, st_stairs_13
D:9:      layout_roguey [special_room_orc], erik_lair_island, orc_0_dummy
D:10:     layout_rooms, beargit_hepliaklqana_dungeon_heroes,
          trog_ov_bears_minmay, worms_lemuel, uniq_maggie, uniq_joseph
D:11:     layout_irregular_city, minmay_shop_chei
D:12:     layout_loops_ring, mrwooster_statue_mirror, uniq_psyche
D:13:     layout_roguey [special_room_bee], david_vaults_3,
          gammafunk_ghost_crypt, xom_shifter_show
D:14:     layout_cave_pools, serial_shops, nicolae_shop_hallway_stairs,
          old_standard_altar, david_defended_altar_orc, uniq_roxanne
D:15:     grunt_enter_depths_magical_seal, layout_cave_pods, lemuel_flame_loot_1
Lair:1:   layout_hall_layers
Lair:2:   layout_gridlike, gammafunk_ghost_berserking_beasts, uniq_urug
Lair:3:   layout_loops_ring, minmay_shoals_entry_beasts,
          nicolae_spider_entry_orb_guardian
Lair:4:   layout_cave_pods, special_room [special_room_mythical_zoo]
Lair:5:   layout_cave_pods
Lair:6:   grunt_lair_end_beastmaster, layout_layer_cave,
          dpeg_slime_entry_enclosed_altar
Spider:1: layout_spider_delve, drop_trap, nicolae_spider_twisty_arc_passages
Spider:2: layout_spider_delve, gammafunk_ghost_grave, drop_trap, hive_lemuel
Orc:1:    layout_diamond_mine, serial_shops, nicolae_shop_crystal,
          uniq_gastronok, uniq_maurice
Orc:2:    st_orc_ogre_mass, layout_diamond_mine, serial_shops, shop_statue,
          gammafunk_ghost_cemetery, uniq_nessos

Skill      XL: |  1  2  3  4  5  6  7  8  9 10 11 12 13 14 15 16 |
---------------+-------------------------------------------------+-----
Fighting       | 4 5 6 7 9 10 11 12 13 14 15 | 15.9
Maces & Flails | 4 5 6 7 9 11 12 | 12.0
Invocations    | 1 3 4 6 8 9 11 12 13 14 16 | 16.4
Armour         | 2 6 9 11 13 15 16 17 | 17.3
Shields        | 4 6 8 10 11 | 11.6
Dodging        | 4 5 6 |  6.2
Stealth        | |  1.5

Action                   |  1- 3 |  4- 6 |  7- 9 | 10-12 | 13-15 | 16-18 || total
-------------------------+-------+-------+-------+-------+-------+-------++-------
Melee: Mace              |   127 |    11 |       |       |       |       ||   138
       Punch             |     1 |     3 |     6 |     4 |       |       ||    14
       Flail             |       |   163 |   207 |       |       |       ||   370
       Demon whip        |       |       |   208 |   561 |  1002 |   216 ||  1987
       Unarmed           |       |       |       |     1 |       |       ||     1
Invok: Convert to Beogh  |       |     1 |       |       |       |       ||     1
       Smiting           |       |       |     1 |     4 |    15 |    11 ||    31
       Recall Orcish Fol |       |       |       |       |     3 |     5 ||     8
       Stop Recall       |       |       |       |       |     3 |     5 ||     8
       Give Item to Name |       |       |       |       |       |     1 ||     1
Evoke: Wand              |       |       |     1 |    10 |     7 |     2 ||    20
       Lightning rod     |       |       |       |       |     4 |       ||     4
       Phantom mirror    |       |       |       |       |     1 |       ||     1
  Use: Potion            |     2 |     6 |     2 |     2 |    12 |     3 ||    27
       Scroll            |       |     3 |    14 |     9 |     4 |       ||    30
 Stab: Sleeping          |     4 |     3 |     1 |       |       |       ||     8
       Invisible         |       |     1 |       |       |       |       ||     1
       Distracted        |       |       |     2 |     4 |    14 |       ||    20
       Paralysed         |       |       |       |     6 |     5 |       ||    11
       Confused          |       |       |       |       |     3 |       ||     3
Armor: Robe              |    26 |    40 |       |       |       |       ||    66
       Skin              |     1 |    13 |       |       |       |       ||    14
       Leather armour    |       |     8 |     2 |       |       |       ||    10
       Scale mail        |       |       |    38 |       |       |       ||    38
       Plate armour      |       |       |   214 |   251 |   484 |   128 ||  1077
Dodge: Dodged            |    91 |   117 |   143 |   138 |   209 |    75 ||   773
Block: Kite shield       |       |       |       |   118 |   380 |   117 ||   615

Table legend: (Time is in decaauts)
 A = Elapsed time spent in this place.
 B = Non-inter-level travel time spent in this place.
 C = Inter-level travel time spent in this place.
 D = Time resting spent in this place.
 E = Time spent auto-exploring this place.
 F = Levels seen in this place.
 G = Mean time per level.
                   A        B        C        D        E       F      G
               +--------+--------+--------+--------+--------+-----+--------+
         Total |  31777 |  29468 |   2309 |   8021 |  16471 |  26 | 1222.2 |
       Dungeon |  18074 |  17061 |   1013 |   4878 |   9085 |  15 | 1204.9 |
          Lair |  10297 |   9256 |   1041 |   2214 |   5818 |   6 | 1716.2 |
   Spider Nest |   1146 |   1129 |     17 |    458 |    479 |   2 |  573.0 |
  Orcish Mines |   1717 |   1480 |    237 |    378 |    788 |   2 |  858.5 |
       Ossuary |    541 |    541 |      0 |     92 |    301 |   1 |  541.0 |
               +--------+--------+--------+--------+--------+-----+--------+

Top non-repeatable levels by time:
  Lair:3: 2336 daAuts
  Lair:6: 2073 daAuts
     D:6: 1972 daAuts
  Lair:4: 1931 daAuts
     D:4: 1899 daAuts
  Lair:5: 1539 daAuts
    D:15: 1498 daAuts
    D:13: 1368 daAuts
     D:9: 1360 daAuts
  Lair:2: 1268 daAuts
     D:7: 1222 daAuts
     D:3: 1211 daAuts
  Lair:1: 1147 daAuts
    D:12: 1115 daAuts
Spider:1: 1080 daAuts
